 Dungeon Crawl Stone Soup version 0.30-a0-862-g1aabd4f9c5 (webtiles) character file.

Game seed: 6191183537885575092

25 cforsyth the Magician (level 2, -5/15 HPs)
             Began as a Deep Elf Earth Elementalist on Mar 9, 2023.
             Slain by a goblin
             ... wielding a +0 club
             ... led by Robin
              (6 damage)
             ... on level 2 of the Dungeon.
             The game lasted 00:00:52 (1160 turns).

cforsyth the Magician (Deep Elf Earth Elementalist) Turns: 1160, Time: 00:00:53

Health: -5/15      AC:  2    Str:  5    XL:     2   Next: 82%
Magic:  6/9        EV: 12    Int: 19    God:
Gold:   15         SH:  0    Dex: 15    Spells: 8/9 levels left

rFire   . . .      SeeInvis .    (no weapon)
rCold   . . .      Faith    .    (no shield)
rNeg    . . .      Spirit   .    a - +0 robe
rPois   .          Reflect  .    (no helmet)
rElec   .          Rampage  .    (no cloak)
rCorr   .                        (no gloves)
Will    .....                    (no boots)
Stlth   ++                       (no amulet)
HPRegen 0.22/turn                (no ring)
MPRegen 0.11/turn                (no ring)

@: no status effects
A: no striking features
a: no special abilities


You were on level 2 of the Dungeon.
You visited 1 branch of the dungeon, and saw 2 of its levels.

You collected 15 gold pieces.

Inventory:

Armour
 a - a +0 robe (worn)
Jewellery
 d - an amulet of guardian spirit
Scrolls
 c - a scroll of identify {unknown}
Potions
 b - a potion of magic
 e - 2 potions of curing {unknown}


   Skills:
 - Level 2.4 Dodging
 - Level 2.4 Stealth
 + Level 4.0 Spellcasting
 - Level 1.1 Transmutations
 + Level 4.0 Earth Magic


You had 8 spell levels left.
You knew the following spells:

 Your Spells              Type           Power      Damage    Failure   Level
a - Sandblast             Erth           38%        2d10      2%          1

Your spell library contained the following spells:

 Spells                   Type           Power      Damage    Failure   Level
 Passwall                 Tmut/Erth      10%        N/A       8%          2
 Stone Arrow              Conj/Erth      22%        3d8       19%         3
 Petrify                  Tmut/Erth      13%        N/A       43%         4


Dungeon Overview and Level Annotations

Branches:
Dungeon (2/15)

Altars:

Annotations:
D:2 Robin


Message History

The blast of sand hits the bat!
You kill the bat!
You can't see any susceptible monsters within range! (Use Z to cast anyway.)
Found a sling.
A goblin comes into view. It is wielding a +0 club.
Found 5 gold pieces.
The goblin shouts!
You hear a shout!
A goblin comes into view. It is wielding a +0 club.
You hear a shout!
There are monsters nearby!
There are monsters nearby!
A goblin comes into view. It is wielding a +0 dagger.
You hear a shout! x4
A goblin comes into view. It is wielding a +0 club.
A goblin comes into view. It is wielding a +0 club.
Robin of the Strong Arm comes into view.
They are wielding a +0 trident.
The blast of sand hits the goblin.
The goblin is severely wounded.
Robin roars a battlecry!
The goblins go into a battle-frenzy!
The blast of sand hits the goblin!
You kill the goblin!
Robin throws the goblin at you! The goblin hits you with a +0 club. x2
A rat comes into view.
Robin roars a battlecry!
The goblin hits you with a +0 club.
* * * LOW HITPOINT WARNING * * *
A goblin comes into view. It is wielding a +0 dagger.
You hear a shout!
Your Spellcasting skill increases to level 4!
Your Earth Magic skill increases to level 4!
You are too injured to fight recklessly!
You are too injured to fight recklessly!
Unknown command.
A worm comes into view.
A hobgoblin comes into view.
The goblin hits you but does no damage. The goblin misses you.
Unknown command.
Unknown command.
The goblin attacks as you move away! The goblin hits you with a +0 club.
You die...

##. #.. # #.#
#. #.#
#.)########†#
w..#..g.g...#>#
#gg.gg@###.#.#
g..####.#
#.#.## # #.#
#....##
..###.#.#.##
..##.......#
#..###.#.#.##
#..# ##....#
.....)...#.#
########.#


You could see a worm (wandering), Robin, a hobgoblin (strong) and 5 goblins.

Vanquished Creatures
  2 dart slugs (D:1)
  A ball python (D:1)
  2 bats
  A giant cockroach (D:1)
  4 hobgoblins (D:1)
  2 quokkas (D:1)
  2 frilled lizards (D:1)
  2 goblins
  3 kobolds
  A rat (D:1)
20 creatures vanquished.

Notes
Turn   | Place    | Note
-------+----------+-------------------------------------------
     0 | D:1      | cforsyth the Deep Elf Earth Elementalist began the quest
                  | for the Orb.
     0 | D:1      | Reached XP level 1. HP: 10/10 MP: 6/6
    12 | D:1      | Found a faded altar of an unknown god.
   568 | D:1      | Reached XP level 2. HP: 14/15 MP: 4/8
  1156 | D:2      | Noticed Robin
  1160 | D:2      | Slain by a goblin

Illustrated notes

Levels and vault maps discovered:
D:1:      tarquinn_simple_flora_water_e, layout_loops_corners,
          dreamdust_ecumenical_altar_grove, minmay_tromino_v2
D:2:      layout_loops_ring, basic_altar, minmay_misc_feat_tiny,
          minmay_misc_feat_tower, uniq_robin

Skill      XL: |  1  2 |
---------------+-------+-----
Spellcasting   | 4 |  4.0
Earth Magic    | 4 |  4.0
Dodging        | |  2.4
Stealth        | |  2.4
Transmutations | |  1.1

Action                     || total
---------------------------++-------
   Cast: Sandblast         ||    33
 Armour: Robe              ||     1
  Dodge: Dodged            ||    10

Table legend: (Time is in decaauts)
 A = Elapsed time spent in this place.
 B = Non-inter-level travel time spent in this place.
 C = Inter-level travel time spent in this place.
 D = Time resting spent in this place.
 E = Time spent auto-exploring this place.
 F = Levels seen in this place.
 G = Mean time per level.
                   A        B        C        D        E       F      G
               +--------+--------+--------+--------+--------+-----+--------+
         Total |   1176 |   1159 |     17 |      0 |   1045 |   2 |  588.0 |
       Dungeon |   1176 |   1159 |     17 |      0 |   1045 |   2 |  588.0 |
               +--------+--------+--------+--------+--------+-----+--------+

Top non-repeatable levels by time:
     D:1: 1131 daAuts
     D:2: 44 daAuts
